 Dungeon Crawl Stone Soup version 0.28-a0-1594-ga885d4b3d6 (webtiles) character file.

Game seed: 16853290717253188533

0 testman the Magician (level 1, -2/15 HPs)
             Began as a Djinni Hedge Wizard on Jan 20, 2022.
             Slain by a goblin (4 damage)
             ... on level 1 of the Dungeon.
             The game lasted 00:02:16 (167 turns).

testman the Magician (Djinni Hedge Wizard)           Turns: 167, Time: 00:02:17

Health: -2/15      AC:  2    Str:  9    XL:     1   Next: 11%
Gold:   0          EV: 12    Int: 15    God:
                   SH:  0    Dex: 12

rFire   + + .      SeeInvis .   a - +0 dagger
rCold   x . .      Faith    .   (no shield)
rNeg    . . .      Spirit   .   b - +0 robe
rPois   ∞          Reflect  .   c - +0 hat
rElec   .          Harm     .   (no cloak)
rCorr   .          Rampage  .   (no gloves)
Will    .....                   (boots unavailable)
Stlth   ++........              (no amulet)
HPRegen 0.05/turn               (no ring)
MPRegen 0.00/turn               (no ring)

@: flying
A: sickness immunity, fire resistance 2, cold vulnerability 1, float, innate
caster, hp casting, extra vitality 1
a: no special abilities


You were on level 1 of the Dungeon.
You visited 1 branch of the dungeon, and saw 2 of its levels.

Inventory:

Hand Weapons
 a - a +0 dagger (weapon)
Armour
 b - a +0 robe (worn)
 c - a +0 hat (worn)


   Skills:
 - Level 2.1 Dodging
 - Level 1.5 Stealth
 + Level 2.4 Spellcasting


You couldn't memorise any spells.
You knew the following spells:

 Your Spells              Type           Power      Damage    Failure   Level
a - Magic Dart            Conj           36%        1d4       8%          1
b - Blink                 Tloc           18%        N/A       12%         2
c - Call Imp              Summ           9%         N/A       12%         2
d - Slow                  Hex            36%        N/A       8%          1
e - Conjure Flame         Conj/Fire      9%         6-21      24%         3
f - Mephitic Cloud        Conj/Pois/Air  9%         N/A       24%         3
Your spell library was empty.

Dungeon Overview and Level Annotations

Branches:
Dungeon (2/15)

Altars:


Innate Abilities, Weirdness & Mutations

You are immune to sickness and miasma.
You are immune to poison.
Your flesh is very heat resistant. (rF++)
You are vulnerable to cold. (rC-)
You float through the air rather than walking.
You learn spells naturally, not from books.
Your magical power is your life essence.
You have superior vitality. (+4 MHP)


Message History

Press: ? - help, Shift-Dir - straight line, f - giant cockroach
Aim: a giant cockroach (chance to affect: 64%)
The giant cockroach seems to slow down.
* * * LOW HITPOINT WARNING * * *
The giant cockroach barely misses you.
There is a stone staircase leading down here.
The giant cockroach is no longer moving slowly.
The endoplasm quivers.
There is a stone staircase leading down here.
The giant cockroach bites you.
* * * LOW HITPOINT WARNING * * *
Found a glowing hunting sling.
The giant cockroach barely misses you.
You closely miss the giant cockroach. The giant cockroach barely misses you.
You hit the giant cockroach but do no damage.
The giant cockroach bites you but does no damage.
You hit the giant cockroach.
The giant cockroach is moderately wounded.
The giant cockroach bites you but does no damage.
You closely miss the giant cockroach.
The giant cockroach is moderately wounded.
The giant cockroach closely misses you.
The hobgoblin shouts!
You hit the giant cockroach but do no damage.
The giant cockroach is moderately wounded.
The giant cockroach closely misses you. The giant cockroach bites you.
* * * LOW HITPOINT WARNING * * *
A goblin comes into view. It is wielding a +0 dagger.
The giant cockroach closely misses you.
The ball python hisses angrily.
The giant cockroach barely misses you.
Found a murky grey potion.
The hobgoblin shouts!
The giant cockroach closely misses you.
A goblin comes into view. It is wielding a +0 club.
The goblin shouts!
An endoplasm comes into view.
Found 10 gold pieces.
The goblin hits you with a +0 club.
You die...

..#.#########.#.#...#
...S......#...###.
#########...........
.........J####...J##
..#....#.# ..)..$.
#...S#g# .......
#..#.#.# ..g....
#....#g###g..# #
##.#.SS.B@# ##
#.###.##.# #. .
...##.# ###. ##
######.# #... ...
#....#. #.# ##. ##
#.# ..+


You could see an endoplasm (wandering), a giant cockroach, a hobgoblin, 2
goblins and 2 ball pythons.

Vanquished Creatures (others)
  A giant cockroach (D:2)
1 creature vanquished.

Notes
Turn   | Place    | Note
-------+----------+-------------------------------------------
     0 | D:1      | testman the Djinni Hedge Wizard began the quest for the
                  | Orb.
     0 | D:1      | Reached XP level 1. HP: 15/15 MP: 0/0
    14 | D:1      | You are sucked into a shaft and drop 1 floor!
   167 | D:1      | Slain by a goblin

Illustrated notes

Levels and vault maps discovered:
D:1:      lemuel_arrival_tunnels, layout_basic
D:2:      layout_loops_ring, uniq_crazy_yiuf_cottage, uniq_robin

Action                   || total
-------------------------++-------
Melee: Dagger            ||    12
 Cast: Slow              ||     1
  Use: Scroll            ||     1
Armor: Robe              ||     5
Dodge: Dodged            ||    32

Table legend: (Time is in decaauts)
 A = Elapsed time spent in this place.
 B = Non-inter-level travel time spent in this place.
 C = Inter-level travel time spent in this place.
 D = Time resting spent in this place.
 E = Time spent auto-exploring this place.
 F = Levels seen in this place.
 G = Mean time per level.
                   A        B        C        D        E       F      G
               +--------+--------+--------+--------+--------+-----+--------+
         Total |    167 |    167 |      0 |      0 |     14 |   2 |   83.5 |
       Dungeon |    167 |    167 |      0 |      0 |     14 |   2 |   83.5 |
               +--------+--------+--------+--------+--------+-----+--------+

Top non-repeatable levels by time:
     D:1: 128 daAuts
     D:2: 38 daAuts
